 Dungeon Crawl Stone Soup version 0.28.0-1-gb440e238dd (webtiles) character file.

Game seed: 7588766885553590273

905 mortz the Conjurer (level 8, 0/54 HPs)
             Began as a Human Conjurer on Feb 22, 2022.
             Slain by a steam dragon (6 damage)
             ... on level 5 of the Dungeon.
             The game lasted 00:22:51 (5250 turns).

mortz the Conjurer (Human Conjurer)                 Turns: 5250, Time: 00:22:52

Health: 0/54       AC:  4    Str: 10    XL:     8   Next: 29%
Magic:  8/14       EV: 13    Int: 21    God:
Gold:   190        SH:  0    Dex: 18    Spells: 13/16 levels left

rFire   . . .      SeeInvis .   a - +2 short sword (drain)
rCold   . . .      Faith    .   (no shield)
rNeg    . . .      Spirit   .   A - +1 robe of Tox Yrph {Harm Drain Str+2 Dex+7}
rPois   .          Reflect  .   n - +0 helmet
rElec   .          Harm     +   (no cloak)
rCorr   .          Rampage  .   (no gloves)
Will    .....                   (no boots)
Stlth   +++.......              k - amulet of regeneration
HPRegen 0.98/turn               (no ring)
MPRegen 0.14/turn               (no ring)

@: lethally poisoned (0 -> -1)
A: no striking features
a: no special abilities


You were on level 5 of the Dungeon.
You visited 1 branch of the dungeon, and saw 5 of its levels.

You collected 190 gold pieces.

Inventory:

Hand Weapons
 a - a +2 short sword of draining (weapon)
 b - a +0 short sword
 h - a +0 war axe
 s - a +0 short sword
 x - a +1 dagger of electrocution
 E - a +0 halberd
Missiles
 q - 13 poisoned darts
 G - 5 atropa-tipped darts
Armour
 n - a +0 helmet (worn)
 o - a +0 chain mail
 v - a +0 ring mail
 y - a +0 leather armour
 A - the +1 robe of Tox Yrph (worn) {Harm Drain Str+2 Dex+7}
   (You found it on level 4 of the Dungeon)

   Str:       It affects your strength (+2).
   Dex:       It affects your dexterity (+7).
   Drain:     It drains your maximum health when unequipped.
   Harm:      It increases damage dealt and taken.
 D - a +0 scale mail
Jewellery
 k - an amulet of regeneration (around neck)
Wands
 F - a wand of flame (24)
Scrolls
 c - 5 scrolls of teleportation {unknown}
 d - 2 scrolls of summoning {unknown}
 e - a scroll of holy word {unknown}
 g - 4 scrolls of noise {unknown}
 i - a scroll of identify {unknown}
 j - 3 scrolls of fear {unknown}
 m - 4 scrolls of enchant weapon {unknown}
 p - a scroll of vulnerability {unknown}
 r - a scroll of amnesia {unknown}
 u - a scroll of enchant armour {unknown}
Potions
 f - 2 potions of flight {unknown}
 l - a potion of haste {unknown}
 t - 3 potions of degeneration {unknown}
 w - a potion of resistance {unknown}
 z - 2 potions of heal wounds {unknown}
 B - a potion of lignification {unknown}
 C - a potion of might {unknown}


   Skills:
 + Level 1.3 Fighting
 * Level 3.0 Short Blades
 - Level 0.3 Axes
 + Level 1.3 Armour
 + Level 2.6 Dodging
 + Level 4.0 Stealth
 + Level 4.5 Spellcasting
 + Level 6.5 Conjurations


You had 13 spell levels left.
You knew the following spells:

 Your Spells              Type           Power      Damage    Failure   Level
a - Magic Dart            Conj           100%       1d8       1%          1
b - Searing Ray           Conj           64%        2d6       1%          2

Your spell library contained the following spells:

 Spells                   Type           Power      Damage    Failure   Level
 Dazzling Flash           Conj/Hex       36%        N/A       9%          3
 Fulminant Prism          Conj/Hex       9%         3d7       28%         4
 Iskenderun's Mystic Bla  Conj/Tloc      18%        2d6       28%         4
 Starburst                Conj/Fire      9%         6d5       99%         6


Dungeon Overview and Level Annotations

Branches:
Dungeon (5/15)
 Temple: D:4-7

Altars:
Kikubaaqudgha
Wu Jian


Message History

You feel yourself slow down.
The searing ray hits the hornet.
The hornet is severely wounded.
The searing ray hits the steam dragon!
The steam dragon is heavily wounded.
You finish channelling your searing ray.
You feel very sick.
The hornet barely misses you. x2; The hornet closely misses you.
Casting: Searing Ray (safe; 1% risk of failure)
Confirm with . or Enter, or press ? or * to list all spells.
Aiming: Searing Ray (safe; 1% risk of failure)
Press: ? - help, Shift-Dir - straight line, f/p - hornet
Aim: a hornet (severely wounded, 69% to hit)
The searing ray hits the hornet!
You kill the hornet!
The searing ray misses the steam dragon. (Press . to maintain the ray.)
You feel yourself speed up.
You feel very sick. The steam dragon breathes steam at you.
The ball of steam hits you!
Your Short Blades skill increases to level 3!
Your Stealth skill increases to level 4!
You closely miss the steam dragon.
The steam dragon is heavily wounded.
You are engulfed in a cloud of scalding steam.
You feel sick. The steam dragon bites you. The steam dragon claws you.
You hit the steam dragon but do no damage.
The steam dragon is heavily wounded.
You are engulfed in a cloud of scalding steam.
* * * LOW HITPOINT WARNING * * *
You feel sick.
You hit the steam dragon.
The steam dragon is heavily wounded.
You are engulfed in a cloud of scalding steam.
* * * LOW HITPOINT WARNING * * *
You feel sick.
The steam dragon bites you but does no damage.
The steam dragon claws you.
You die...

#..... #.....
.#+##.......#....#
............#....##
............#.....#
............#.....#
............#.....#
............####D##
...............§@.#
...............§§.#
.####...........§.#
.#..#.............#
.#..#...(...#######
.#..'.......#
.####.......#
...#####....#####
...#...#....#...##


You could see a steam dragon.

Vanquished Creatures
  A hornet (D:5)
  3 sky beasts (D:5)
  A black bear (D:4)
  A scorpion (D:4)
  A jelly (D:5)
  2 iguanas
  3 orc wizards
  A howler monkey zombie (D:5)
  3 adders
  A worm (D:3)
  3 dart slugs
  7 orcs
  13 endoplasms
  2 giant cockroaches (D:3)
  2 goblins
  4 hobgoblins
  A quokka (D:2)
  8 ball pythons
  3 bats
  7 frilled lizards
  8 kobolds
  7 rats
82 creatures vanquished.

Notes
Turn   | Place    | Note
-------+----------+-------------------------------------------
     0 | D:1      | mortz the Human Conjurer began the quest for the Orb.
     0 | D:1      | Reached XP level 1. HP: 13/13 MP: 3/3
   378 | D:1      | Reached XP level 2. HP: 19/19 MP: 0/5
   386 | D:1      | Learned a level 2 spell: Searing Ray
   797 | D:1      | Found a faded altar of an unknown god.
  1366 | D:2      | Reached XP level 3. HP: 18/24 MP: 3/6
  2054 | D:2      | Found an ancient bone altar of Kikubaaqudgha.
  2067 | D:2      | Reached XP level 4. HP: 30/30 MP: 3/7
  2349 | D:3      | Reached skill level 5 in Conjurations
  3491 | D:4      | Reached XP level 5. HP: 35/35 MP: 3/9
  3646 | D:4      | Noticed a black bear
  3655 | D:4      | Killed a black bear
  3656 | D:4      | Reached XP level 6. HP: 23/42 MP: 2/10
  3811 | D:4      | Identified the +1 robe of Tox Yrph {Harm Drain Str+2 Dex+7}
  4260 | D:4      | Reached skill level 1 in Short Blades
  4403 | D:5      | Entered Level 5 of the Dungeon
  4403 | D:5      | Found an ornate altar of the Wu Jian Council.
  4609 | D:5      | Noticed a sky beast
  4616 | D:5      | Killed a sky beast
  4617 | D:5      | Reached skill level 6 in Conjurations
  4617 | D:5      | Reached XP level 7. HP: 47/47 MP: 6/12
  4717 | D:5      | Reached skill level 1 in Fighting
  4988 | D:5      | Reached skill level 1 in Armour
  5133 | D:5      | Reached XP level 8. HP: 45/54 MP: 5/14
  5235 | D:5      | Noticed a hornet
  5247 | D:5      | Killed a hornet
  5250 | D:5      | Slain by a steam dragon

Illustrated notes

Levels and vault maps discovered:
D:1:      ncdulo_watergridlock, layout_basic, serial_corexii_hall,
          corexii_hall_statues_i, chequers_hall_statues_corner_a,
          shapermc_ecumenical_altar_acropolis
D:2:      minmay_door_path, layout_rooms, basic_altar, minivault_14
D:3:      layout_basic
D:4:      layout_basic, nicolae_underground_beach
D:5:      layout_gridville, lemuel_crystal_altar, corexii_corridor_pit,
          hellmonk_bongcloud_opening, bh_walls_and_bars

Skill      XL: |  1  2  3  4  5  6  7  8 |
---------------+-------------------------+-----
Conjurations   | 5 6 |  6.5
Stealth        | 3 4 |  4.0
Spellcasting   | 3 4 |  4.5
Short Blades   | 1 2 3 |  3.0
Fighting       | 1 |  1.3
Armour         | 1 |  1.3
Axes           | |  0.3
Dodging        | |  2.6

Action                   |  1- 3 |  4- 6 |  7- 9 || total
-------------------------+-------+-------+-------++-------
Melee: War axe           |     4 |     2 |       ||     6
       Short sword       |     2 |     4 |     4 ||    10
       Dagger            |       |     8 |       ||     8
 Cast: Magic Dart        |    53 |    34 |     7 ||    94
       Searing Ray       |     4 |    17 |     9 ||    30
Armor: Robe              |     3 |     6 |     4 ||    13
       Leather armour    |       |     4 |       ||     4
Dodge: Dodged            |    12 |    16 |     8 ||    36
